 Dungeon Crawl Stone Soup version 0.23-a0-607-g760965b (webtiles) character file.

58 galech the Skirmisher (level 3, -2/29 HPs)
             Began as a Demonspawn Fighter on Dec 20, 2018.
             Slain by Sigmund
             ... wielding a +0 scythe
              (9 damage)
             ... on level 2 of the Dungeon.
             The game lasted 00:01:05 (846 turns).

galech the Skirmisher (Demonspawn Fighter)           Turns: 846, Time: 00:01:06

Health: -2/29      AC:  9    Str: 16    XL:     3   Next: 76%
Magic:  3/3        EV:  7    Int:  9    God:
Gold:   24         SH:  0    Dex: 13    Spells: 2/2 levels left

rFire    . . .     SeeInvis .   a - +0 war axe
rCold    . . .     Gourm    .   c - +0 shield
rNeg     . . .     Faith    .   b - +0 scale mail
rPois    .         Spirit   .   e - +0 helmet
rElec    .         Reflect  .   (no cloak)
rCorr    .         Harm     .   l - +0 pair of gloves
MR       .....                  (no boots)
Stlth    +.........             (no amulet)
HPRegen  0.09/turn              (no ring)
MPRegen  0.08/turn              (no ring)

@: confused
A: nightstalker 1, sturdy frame 1
a: no special abilities


You were on level 2 of the Dungeon.
You were not hungry.

You visited 1 branch of the dungeon, and saw 2 of its levels.

You collected 24 gold pieces.

Inventory:

Hand Weapons
 a - a +0 war axe (weapon)
Armour
 b - a +0 scale mail (worn)
 c - a +0 shield (worn)
 e - a +0 helmet (worn)
 l - a +0 pair of gloves (worn)
Jewellery
 j - an uncursed ring of ice
Scrolls
 h - a scroll of enchant weapon {unknown}
 i - a scroll of teleportation {unknown}
 m - a scroll of fog {unknown}
 n - 2 scrolls of identify {unknown}
 r - a scroll of remove curse {unknown}
Potions
 k - 2 potions of heal wounds {unknown}
 o - a potion of flight {unknown}
 p - a potion of resistance {unknown}
 q - 3 potions of curing {unknown}
 s - a potion of haste {unknown}
 t - a potion of ambrosia {unknown}
Comestibles
 f - 5 rations
 g - 10 chunks of flesh


   Skills:
 + Level 3.3 Fighting
 + Level 2.4 Axes
 + Level 3.2 Armour
 + Level 0.5 Dodging
 + Level 3.0 Shields


You had 2 spell levels left.
You didn't know any spells.
Your spell library was empty.

Dungeon Overview and Level Annotations

Branches:
Dungeon (2/15)

Altars:

Annotations:
D:2 Natasha, Sigmund


Innate Abilities, Weirdness & Mutations

You are slightly more attuned to the shadows.
Your movements are slightly less encumbered by armour. (ER -2)


Message History

Deactivating autopickup; reactivate with Ctrl-A.
You miss something. Something hits you!
* * * LOW HITPOINT WARNING * * *
Natasha mumbles some strange words.
You are too injured to fight recklessly!
You are too injured to fight recklessly!
You are too injured to fight recklessly!
You are too injured to fight recklessly!
You are too injured to fight recklessly!
You are too injured to fight recklessly!
You are too injured to fight recklessly!
You are too injured to fight recklessly!
Your shield and scale mail prevent you from hitting something.
Something hits you but does no damage.
You hear some strange, mumbled words.
You are confused.
Something hits you but does no damage.
You closely miss the crimson imp. You miss something.
The crimson imp barely misses you. Something hits you!
You die...

..... ##...# ###..#.#### ..
#.........# #..# #
#......!..##...#
#######.####.........#..#(#
...<...........{.......##.#
.....#######...5@....####.#
.....#######...h.....## #.#
......................###.######
.....#.......#####.............##
#.###.........#.................#
#รท###.........#.###..............
............... #.........(....
#.##.......(..# #..............
..##..........# #.......(......


You could see Natasha and a crimson imp.

Vanquished Creatures
  Natasha (D:2)
  An ooze (D:2)
  A dart slug (D:1)
  A leopard gecko (D:1)
  2 giant cockroaches
  5 goblins
  3 hobgoblins
  A ball python (D:1)
  A bat (D:1)
  3 frilled lizards (D:1)
  4 kobolds
  4 rats (D:1)
27 creatures vanquished.

Notes
Turn   | Place    | Note
-------+----------+-------------------------------------------
     0 | D:1      | galech the Demonspawn Fighter began the quest for the Orb.
     0 | D:1      | Reached XP level 1. HP: 18/18 MP: 1/1
   280 | D:1      | Gained mutation: Your movements are slightly less
                  | encumbered by armour. (ER -2) [demonic ancestry]
   280 | D:1      | Reached XP level 2. HP: 19/24 MP: 2/2
   762 | D:2      | Noticed Natasha
   771 | D:2      | Killed Natasha
   771 | D:2      | Gained mutation: You are slightly more attuned to the
                  | shadows. [demonic ancestry]
   771 | D:2      | Reached XP level 3. HP: 15/29 MP: 3/3
   836 | D:2      | Noticed Sigmund
   839 | D:2      | Noticed Natasha
   846 | D:2      | Slain by Sigmund

Vault maps used:
D:1:      mrwooster_arrival_statue_2, minmay_small_reverse_x
D:2:      first_ration, uniq_sigmund, uniq_natasha

Skill      XL: |  1  2 |
---------------+-------+-----
Armour         | 3 |  3.2
Axes           | 2 |  2.4
Shields        | 3 |  3.0
Fighting       | |  3.3
Dodging        | |  0.5

Action                   || total
-------------------------++-------
Melee: War axe           ||    71
  Use: Potion            ||     1
Armor: Scale mail        ||    46
Dodge: Dodged            ||    25
Block: Shield            ||    42

Table legend:
 A = Non-vault XP
 B = Vault XP
 C = Vault XP percentage of total XP
 D = Non-vault monster count
 E = Vault monster count
 F = Vault count percentage of total count
                 A         B        C        D         E       F
            +---------+---------+-------+---------+---------+-------
      Total |      44 |      40 |  47.6 |      22 |       5 |  18.5
            +---------+---------+-------+---------+---------+-------
        D:1 |      22 |       5 |  18.5 |      13 |       4 |  23.5
        D:2 |      22 |      35 |  61.4 |       9 |       1 |  10.0
            +---------+---------+-------+---------+---------+-------
